 Dungeon Crawl Stone Soup version 0.31-a0-263-ge8cad7f256 (webtiles) character file.

Game seed: 12697970272485811871

79 qw the Shooter (level 4, -12/36 HPs)
             Began as a Minotaur Hexslinger on July 13, 2023.
             Killed by divine providence
             ... invoked by an orc priest
              (13 damage)
             ... on level 2 of the Dungeon.
             The game lasted 00:00:28 (965 turns).

qw the Shooter (Minotaur Hexslinger)                 Turns: 965, Time: 00:00:28

Health: -12/36     AC:  6    Str: 12    XL:     4   Next: 16%
Magic:  4/4        EV: 11    Int: 10    God:
Gold:   96         SH:  0    Dex: 15    Spells: 4/5 levels left

rFire   . . .        Y - +1 sling
rCold   . . .        (no shield)
rNeg    . . .        e - +0 ring mail
rPois   .            (helmet restricted)
rElec   .            (no cloak)
rCorr   .            d - +0 pair of gloves
SInv    .            (no boots)
Will    .....        (no amulet)
Stlth   +            (no ring)
HPRegen 0.26/turn    (no ring)
MPRegen 0.09/turn

%: no passive effects
@: no status effects
A: horns 2, retaliatory headbutt
a: no special abilities


You were on level 2 of the Dungeon.
You visited 1 branch of the dungeon, and saw 2 of its levels.

You collected 96 gold pieces.


Innate Abilities, Weirdness & Mutations

You have a pair of horns on your head.
You reflexively headbutt those who attack you in melee.


   Skills:
 - Level 2.0 Fighting
 + Level 4.0 Ranged Weapons
 - Level 2.2 Armour
 - Level 2.1 Dodging
 - Level 1.0 Spellcasting
 - Level 2.0 Hexes


You had 4 spell levels left.
You knew the following spells:

 Your Spells              Type           Power      Damage    Failure   Level
a - Slow                  Hex            16%        N/A       32%         1

Your spell library contained the following spells:

 Spells                   Type           Power      Damage    Failure   Level
 Inner Flame              Hex/Fire       2%         N/A       83%         3
 Portal Projectile        Hex/Tloc       4%         N/A       83%         3
 Cause Fear               Hex            2%         N/A       97%         4

Inventory:

Hand Weapons
 Y - a +1 sling (weapon)
Armour
 d - a +0 pair of gloves (worn)
 e - a +0 ring mail (worn)
 i - a +0 pair of boots
Scrolls
 a - 3 scrolls of identify
 b - a scroll of immolation {unknown}
 c - a scroll of noise {unknown}
 h - a scroll of silence {unknown}
Potions
 f - a potion of heal wounds {unknown}
 g - a potion of berserk rage {unknown}

Dungeon Overview and Level Annotations

Branches:
Dungeon (2/15)

Altars:
Qazlal


Message History

The sling bullet hits the orc but does no damage.
You shoot a sling bullet. The sling bullet hits the orc.
The orc is almost dead.
You shoot a sling bullet. The sling bullet hits the orc.
You kill the orc!
The orc priest invokes the aid of Beogh against you.
Pain shoots through your body!
You shoot a sling bullet. The sling bullet hits the orc priest.
The orc priest is moderately wounded.
The orc priest casts a cantrip, but nothing happens.
You shoot a sling bullet. The sling bullet hits the orc priest.
The orc priest is heavily wounded.
The orc priest hits you but does no damage.
The orc priest hits you from afar with a +0 trident!
You shoot a sling bullet. The sling bullet hits the orc priest.
The orc priest is severely wounded.
The orc priest closely misses you.
You shoot a sling bullet. The sling bullet hits the orc priest.
You kill the orc priest!
Your Armour skill gained 2 levels and is now at level 2!
You have reached level 4!
You feel agile.
You shoot a sling bullet.
The sling bullet barely misses the orc priest.
The orc priest hits you with a +2 flail of holy wrath.
You shoot a sling bullet.
The sling bullet completely misses the orc priest.
The orc priest invokes the aid of Beogh against you.
Pain shoots through your body!
You shoot a sling bullet.
The sling bullet barely misses the orc priest.
The orc priest hits you with a +2 flail of holy wrath!
The orc priest barely misses you.
You shoot a sling bullet.
The sling bullet barely misses the orc priest.
The orc priest closely misses you.
You shoot a sling bullet.
The sling bullet barely misses the orc priest.
The orc priest invokes the aid of Beogh against you.
Beogh smites you!
You die...

#....)..o... #.#. #...o######## #
#........... # #.....o...## # ##
#...)o....# #.#####. #.........#
....... #.........# #....
###....###########.#.##....
##...#..)o@:.#...%.#.##.._.
#######....####......###......../
#....#..#..##...##.####..........
#....#.##.##..####.# #......###.#
#....#.#...%.## #.##..#..# #%#
#.........########.....#..# #..
#....................###..#######
#....#.##.............)..........
..........##############..#######


You could see an orc priest.

Vanquished Creatures
  An orc priest (D:2)
  An adder (D:1)
  A worm (D:1)
  A dart slug (D:2)
  2 orcs (D:2)
  3 endoplasms
  7 giant cockroaches
  4 hobgoblins
  A quokka (D:1)
  2 bats
  A frilled lizard (D:1)
  2 kobolds (D:1)
  7 rats
33 creatures vanquished.

Notes
Turn   | Place    | Note
-------+----------+-------------------------------------------
     0 | D:1      | qw the Minotaur Hexslinger began the quest for the Orb.
     0 | D:1      | Reached XP level 1. HP: 16/16 MP: 1/1
     0 | D:1      | 0 ||| qw: Version: 0.3-a-52-g30416fa
     0 | D:1      | 0 ||| qw: Game counter: 7107
     0 | D:1      | 0 ||| qw: Melee chars always use a shield: true
     0 | D:1      | 0 ||| qw: God list: Okawaru
     0 | D:1      | 0 ||| qw: Allow faded altars: false
     0 | D:1      | 0 ||| qw: Do Orc after clearing Dungeon:15 true
     0 | D:1      | 0 ||| qw: Do second Lair branch before Depths: true
     0 | D:1      | 0 ||| qw: Lair rune preference: random
     0 | D:1      | 0 ||| qw: Goals: Normal
     0 | D:1      | 0 ||| PLANNING D:1-11
    59 | D:1      | Reached skill level 3 in Ranged Weapons
   100 | D:1      | Reached XP level 2. HP: 23/23 MP: 2/2
   639 | D:1      | 639 ||| UPGRADING to +0 pair of gloves.
   644 | D:1      | 644 ||| UPGRADING to +0 ring mail.
   654 | D:1      | 654 ||| DROPPING +0 robe.
   655 | D:1      | 655 ||| READING 2 scrolls labelled BEAMPUALI.
   656 | D:1      | 656 ||| DROPPING scroll of poison.
   706 | D:2      | 706 ||| STAIRDANCE
   710 | D:1      | Reached XP level 3. HP: 27/29 MP: 3/3
   719 | D:2      | 719 ||| STAIRDANCE
   828 | D:2      | Found a stormy altar of Qazlal.
   894 | D:2      | Reached skill level 4 in Ranged Weapons
   944 | D:2      | 944 ||| FLEEEEING.
   946 | D:2      | 946 ||| FLEEEEING.
   947 | D:2      | 947 ||| FLEEEEING.
   948 | D:2      | 948 ||| FLEEEEING.
   949 | D:2      | 949 ||| FLEEEEING.
   950 | D:2      | 950 ||| FLEEEEING.
   951 | D:2      | 951 ||| FLEEEEING.
   961 | D:2      | Reached XP level 4. HP: 14/36 MP: 4/4
   961 | D:2      | HP: 9/36 [orc priest/+2 flail of holy wrath (5)]
   963 | D:2      | HP: 1/36 [orc priest/+2 flail of holy wrath (8)]
   965 | D:2      | Killed from afar by an orc priest

Levels and vault maps discovered:
D:1:      dpeg_arrival_prison, layout_loops_ring, nrook_mini_vaults
D:2:      cheibrodos_pilgrimage, layout_rooms, basic_altar, nicolae_wormholes

Skill      XL: |  1  2  3 |
---------------+----------+-----
Ranged Weapons | 3 4 |  4.0
Fighting       | 2 |  2.0
Armour         | 2 |  2.2
Dodging        | |  2.1
Spellcasting   | |  1.0
Hexes          | |  2.0

Action                     |  1- 3 |  4- 6 || total
---------------------------+-------+-------++-------
   Fire: Sling             |   100 |     5 ||   105
    Use: Scroll            |     1 |       ||     1
 Armour: Robe              |     5 |       ||     5
         Ring mail         |    15 |       ||    15
  Dodge: Dodged            |    31 |     2 ||    33

Table legend:
 A = Non-vault XP
 B = Vault XP
 C = Vault XP percentage of total XP
 D = Non-vault monster count
 E = Vault monster count
 F = Vault count percentage of total count
                 A         B        C        D         E       F
            +---------+---------+-------+---------+---------+-------
      Total |      55 |      58 |  51.3 |      22 |      11 |  33.3
            +---------+---------+-------+---------+---------+-------
        D:1 |      39 |      11 |  22.0 |      14 |       8 |  36.4
        D:2 |      16 |      47 |  74.6 |       8 |       3 |  27.3
            +---------+---------+-------+---------+---------+-------
